 Dungeon Sprint DCSS version 0.31-a0-983-g7b6862f502 (webtiles) character file.

Game seed: 6490093717657335331

6987 rocky1 the Impaler (level 10, -6/148 HPs)
             Began as a Minotaur Gladiator on Nov 3, 2023.
             Was a High Priest of Okawaru.
             Mangled by Harold
             ... wielding a +2 dire flail of distortion
              (14 damage)
             ... in the Dungeon (Sprint III: "The Ten Rune Challenge").
             The game lasted 00:07:07 (2467 turns).

rocky1 the Impaler (Minotaur Gladiator)             Turns: 2467, Time: 00:07:08

Health: -6/148     AC: 16    Str: 24    XL:     10   Next: 81%
Magic:  5/11       EV: 13    Int:  5    God:    Okawaru [*****.]
Gold:   1609       SH:  0    Dex: 11    Spells: 9/9 levels left

rFire   . . .        a - +0 trident
rCold   . . .        (no shield)
rNeg    . . .        p - +0 plate armour
rPois   .            c - +0 hat
rElec   .            (no cloak)
rCorr   .            (no gloves)
SInv    .            (no boots)
Will    .....        (no amulet) Stlth
                     (no ring)
HPRegen 0.44/turn    (no ring)
MPRegen 0.12/turn

%: no teleportation
@: berserking, heroic, very quick
A: horns 2, retaliatory headbutt
a: Renounce Religion, Heroism, Finesse


You were in the Dungeon.
You worshipped Okawaru.
Okawaru was extremely pleased with you.
You visited 1 branch You collected 1870 gold pieces.
You spent 261 gold pieces at shops.

Inventory:

Hand Weapons
 a - a +0 trident (weapon)
Missiles
 d - 3 throwing nets (quivered)
 e - a javelin
Armour
 b - a +0 leather armour
 c - a +0 hat (worn)
 p - a +0 plate armour (worn)
Wands
 g - a wand of quicksilver (2)
 j - a wand of mindburst (12)
Scrolls
 k - a scroll of blinking
 m - 2 scrolls of torment
 q - a scroll of fear
Potions
 f - 2 potions of curing
 i - 2 potions of magic
 l - 5 potions of mutation
 n - 3 potions of enlightenment
 r - a potion of resistance
Miscellaneous
 h - a lightning rod (4/4)


   Skills:
 + Level 12.4(17.4) Fighting
 + Level 19.2(24.2) Polearms
 + Level 6.6(11.6) Throwing
 + Level 8.7(13.7) Armour
 + Level 12.7(17.7) Dodging
 - Level 1.3(6.3) Stealth
 * Level 3.7 Invocations
 * Level 9.0 Evocations


You had 9 spell levels left.
You didn't know any spells.
Your spell library contained the following spells:

 Spells                   Type           Power      Damage    Failure   Level
 Cigotuvi's Dreadful Rot  Necr/Pois/Air  0%         N/A       100%        2
 Dispel Undead            Necr           0%         3d6       100%        4
 Death Channel            Necr           Unusable   N/A       N/A         6

Dungeon Overview and Level Annotations

Branches:
Dungeon (1/1)

Altars:
Cheibriados
Dithmenos
Elyvilon
Fedhas
Gozag
Hepliaklqana
Kikubaaqudgha
Makhleb
Nemelex Xobeh
Okawaru
Qazlal
Ru
Sif Muna
Trog
Uskayaw
Vehumet
Wu Jian
Xom
Yredelemnul
Zin
The Shining One
Jiyva
Lugonu

Shops:
D *

Annotations:
D Harold


Innate Abilities, Weirdness & Mutations

You have a pair of horns on your head.
You reflexively headbutt those who attack you in melee.


Message History

Joseph is almost dead.
You hit Joseph. You headbutt Joseph.
Joseph is almost dead.
Joseph hits you with a +2 quarterstaff of freezing!
Joseph freezes you.
You puncture Joseph!
You kill Joseph!
Okawaru is honoured by your kill.
Your Evocations skill increases to level 9!
No target in view!
No target in view!
No target in view!
Harold points at you and mumbles some strange words.
The poison arrow hits you!!
You are poisoned.
You are too injured to fight recklessly!
You are too injured to fight recklessly!
You feel very sick.
Harold hits you with a +2 dire flail of distortion!
* * * LOW HITPOINT WARNING * * *
Space warps horribly around you!
* * * LOW HITPOINT WARNING * * *
There is an open door, spattered with blood here.
Things that are here:
a +2 quarterstaff of freezing; 7 curare-tipped darts; the human corpse of Joseph You feel better.
Harold hits you with a +2 dire flail of distortion!
* * * LOW HITPOINT WARNING * * *
Unknown command.
A red film seems to cover your vision as you go berserk!
Your finesse ends abruptly.
You feel yourself moving faster!
You feel mighty! Harold closely misses you. You furiously retaliate!
You headbutt Harold.
Unknown command.
You puncture Harold!
Harold is moderately wounded.
You completely miss Harold.
Harold is moderately wounded.
Harold hits you with a +2 dire flail of distortion!
You die...
Harold sighs, "Finally, I can get that nice plot of land and settle down."

#....#.#.#.....#......'...~≈#
##.#..#.##.###.#^.....#...~≈#
'##)#.#.##.#.)##.^..^.#...~≈≈≈#
#.).#..#..##.)'..^....#...~~~~#
▓▓▓▓▓▓▓▓▓▓▓▓▓▓#^......#.......#
........~~~...#.^.^..^#.......#
≈≈≈≈≈≈≈≈≈≈♣♣P.'.^.....#.......#
♣♣♣♣♣♣♣♣♣♣♣♣PP#.....^.#########
♣♣♣##@###### #@..+ #...# #...#
#####


You could see Harold.

Vanquished Creatures
  Erolcha (D)
  An orc high priest (D)
  Joseph (D)
  A deep elf pyromancer (D)
  2 orc knights (D)
  A queen bee (D)
  3 wandering mushrooms (D)
  A shadow (D)
  2 redbacks (D)
  A spatial vortex (D)
  An orc warrior (D)
  5 two-headed ogres (D)
  A water elemental (D)
  A necrophage (D)
  32 killer bees (D)
  A jelly (D)
  2 orc priests (D)
  An arcanist (D)
  A necromancer (D)
  A kobold demonologist (D)
  3 humans (D)
  A phantom (D)
  11 orcs (D)
  A hobgoblin (D)
  4 rats (D)
80 creatures vanquished.

Notes
Turn   | Place    | Note
-------+----------+-------------------------------------------
     0 | D        | rocky1 the Minotaur Gladiator began the quest for the Orb.
     0 | D        | Reached XP level 1. HP: 18/18 MP: 0/0
    11 | D        | Reached skill level 4 in Polearms
    65 | D        | Reached skill level 5 in Polearms
    65 | D        | Reached XP level 2. HP: 14/26 MP: 1/1
   447 | D        | Noticed a water elemental
   453 | D        | Killed a water elemental
   454 | D        | Reached skill level 7 in Polearms
   454 | D        | Reached skill level 1 in Armour
   454 | D        | Reached XP level 3. HP: 34/34 MP: 2/2
   454 | D        | Reached XP level 4. HP: 41/41 MP: 3/3
   603 | D        | Found a hide-covered altar of Uskayaw.
   603 | D        | Found an iron altar of Okawaru.
   603 | D        | Found a bloodstained altar of Trog.
   603 | D        | Found an ornate altar of the Wu Jian Council.
   603 | D        | Noticed a human
   604 | D        | Noticed a human
   609 | D        | Killed a human
   610 | D        | Reached skill level 5 in Fighting
   610 | D        | Reached skill level 9 in Polearms
   610 | D        | Reached skill level 1 in Stealth
   610 | D        | Reached XP level 5. HP: 50/50 MP: 4/4
   620 | D        | Killed a human
   621 | D        | Reached skill level 11 in Polearms
   621 | D        | Reached XP level 6. HP: 5/58 MP: 5/5
   625 | D        | Became a worshipper of Warmaster Okawaru
   630 | D        | Found a glowing silver altar of Zin.
   630 | D        | Found a glowing golden altar of the Shining One.
   630 | D        | Found a white marble altar of Elyvilon.
   630 | D        | Noticed a deep elf pyromancer
   639 | D        | Noticed a fire elemental
   640 | D        | Killed a deep elf pyromancer
   640 | D        | Reached * piety under Okawaru
   641 | D        | Reached skill level 14 in Polearms
   641 | D        | Reached skill level 5 in Throwing
   641 | D        | Reached XP level 7. HP: 37/66 MP: 6/6
   657 | D        | Found a radiant altar of Vehumet.
   657 | D        | Found a shimmering blue altar of Sif Muna.
   657 | D        | Found an ancient bone altar of Kikubaaqudgha.
   667 | D        | Noticed a soul eater
   670 | D        | Noticed a hellwing
   795 | D        | Found a basalt altar of Yredelemnul.
   795 | D        | Found a shadowy altar of Dithmenos.
   795 | D        | Found a sacrificial altar of Ru.
   844 | D        | Noticed a shadow
   851 | D        | Killed a shadow
   852 | D        | Reached skill level 15 in Polearms
   852 | D        | Reached skill level 10 in Dodging
   852 | D        | Reached XP level 8. HP: 56/74 MP: 7/7
   915 | D        | Found a blossoming altar of Fedhas.
   915 | D        | Found a stormy altar of Qazlal.
   915 | D        | Found a snail-covered altar of Cheibriados.
   915 | D        | Found a burning altar of Makhleb.
   915 | D        | Found a shimmering altar of Xom.
   916 | D        | Found a hazy altar of Hepliaklqana.
   916 | D        | Found an opulent altar of Gozag.
   916 | D        | Found a sparkling altar of Nemelex Xobeh.
   916 | D        | Found a corrupted altar of Lugonu.
   916 | D        | Found a viscous altar of Jiyva.
   941 | D        | Reached ** piety under Okawaru
   946 | D        | Reached skill level 5 in Armour
   946 | D        | Reached skill level 1 in Evocations
  1058 | D        | Noticed a two-headed ogre
  1067 | D        | HP: 3/74 [two-headed ogre/+0 giant club (10)]
  1082 | D        | Killed a two-headed ogre
  1083 | D        | Reached skill level 16 in Polearms
  1311 | D        | Noticed Erolcha
  1312 | D        | Noticed a two-headed ogre
  1317 | D        | Killed Erolcha
  1317 | D        | Reached *** piety under Okawaru
  1317 | D        | Killed a two-headed ogre
  1318 | D        | Reached skill level 17 in Polearms
  1318 | D        | Reached XP level 9. HP: 85/85 MP: 8/8
  1325 | D        | Reached skill level 5 in Evocations
  1612 | D        | Reached skill level 10 in Fighting
  1613 | D        | Reached **** piety under Okawaru
  1616 | D        | Reached skill level 18 in Polearms
  1624 | D        | Noticed a queen bee
  1627 | D        | Reached XP level 10. HP: 91/94 MP: 9/9
  1939 | D        | Reached ***** piety under Okawaru
  1992 | D        | Found Gubbet's Assorted Antiques.
  1992 | D        | Noticed an orc knight
  1992 | D        | Noticed an orc knight
  1992 | D        | Noticed an orc high priest
  1996 | D        | Killed an orc knight
  1997 | D        | Reached skill level 1 in Invocations
  1997 | D        | Killed an orc knight
  1998 | D        | Reached skill level 19 in Polearms
  1998 | D        | Killed an orc high priest
  2299 | D        | Bought a potion of curing for 66 gold pieces
  2299 | D        | Bought a scroll labelled ONOSIZ LUSTRUE for 22 gold pieces
  2299 | D        | Bought a smoky orange potion for 19 gold pieces
  2299 | D        | Bought a scroll of identify for 44 gold pieces
  2299 | D        | Bought a potion of berserk rage for 110 gold pieces
  2447 | D        | Noticed Joseph
  2450 | D        | Noticed Harold
  2461 | D        | Killed Joseph
  2467 | D        | Mangled by Harold

Illustrated notes

Levels and vault maps discovered:
D:        dungeon_sprint_mu [sprint_mu_entry_cave, sprint_mu_temple_rooms,
          sprint_mu_d1_spiders, sprint_mu_d2_genie, sprint_mu_d3_branching,
          sprint_mu_orc_legion, sprint_mu_elf_gauntlet, sprint_mu_hive_nellie,
          sprint_mu_lair_fedhas, sprint_mu_vaults_butterflies,
          sprint_mu_slime_circle, sprint_mu_swamp_cave, sprint_mu_shoals_kraken,
          sprint_mu_blade_basic, sprint_mu_crypt_fortress,
          sprint_mu_tomb_spiral, sprint_mu_vestibule_basic,
          sprint_mu_gehenna_hellfire, sprint_mu_dis_giant,
          sprint_mu_tartarus_statrot, sprint_mu_cocytus_islands, sprint_mu_zot1]

Skill      XL: |  1  2  3  4  5  6  7  8  9 10 |
---------------+-------------------------------+-----
Polearms       | 5 7 9 11 14 15 17 18 19 | 19.2
Fighting       | 3 4 5 6 7 9 10 12 | 12.4
Dodging        | 4 6 7 8 9 10 11 12 | 12.7
Throwing       | 3 4 5 6 |  6.6
Armour         | 1 3 4 6 7 8 |  8.7
Stealth        | 1 |  1.3
Evocations     | 4 6 9 |  9.0
Invocations    | 3 |  3.7

Action                     |  1- 3 |  4- 6 |  7- 9 | 10-12 || total
---------------------------+-------+-------+-------+-------++-------
  Melee: Trident           |    26 |    27 |    70 |    46 ||   169
         Headbutt          |     2 |     1 |    14 |     8 ||    25
         Punch             |       |       |     1 |     1 ||     2
 Invoke: Heroism           |       |       |       |     1 ||     1
         Finesse           |       |       |       |     1 ||     1
  Evoke: Lightning rod     |       |       |    11 |     9 ||    20
         Wand              |       |       |     4 |       ||     4
    Use: Potion            |     1 |     2 |       |     2 ||     5
         Scroll            |     1 |       |     1 |     2 ||     4
   Stab: Sleeping          |     1 |       |     1 |       ||     2
 Armour: Leather armour    |     9 |     7 |    15 |     3 ||    34
         Plate armour      |       |       |       |     7 ||     7
  Dodge: Dodged            |     9 |     5 |    26 |    16 ||    56

Table legend: (Time is in decaauts)
 A = Elapsed time spent in this place.
 B = Non-inter-level travel time spent in this place.
 C = Inter-level travel time spent in this place.
 D = Time resting spent in this place.
 E = Time spent auto-exploring this place.
 F = Levels seen in this place.
 G = Mean time per level.
                   A        B        C        D        E       F      G
               +--------+--------+--------+--------+--------+-----+--------+
         Total |   2411 |   2360 |     51 |   1822 |     36 |   1 | 2411.0 |
       Dungeon |   2411 |   2360 |     51 |   1822 |     36 |   1 | 2411.0 |
               +--------+--------+--------+--------+--------+-----+--------+

Top non-repeatable levels by time:
       D: 2411 daAuts
